 Dungeon Crawl Stone Soup version 0.30-a0-140-gd1020e658a (webtiles) character file.

Game seed: 16021691441565982700

1355 night the Changer (level 8, -18/81 HPs)
             Began as a Troll Transmuter on Sept 24, 2022.
             Was a Priest of Dithmenos.
             Engulfed by a steam dragon's steam (19 damage)
             ... on level 6 of the Dungeon.
             The game lasted 00:06:16 (3785 turns).

night the Changer (Troll Transmuter)                Turns: 3785, Time: 00:06:17

Health: -18/81     AC:  6    Str: 19    XL:     8   Next: 37%
Magic:  5/8        EV:  9    Int: 11    God:    Dithmenos [***...]
Gold:   296        SH:  0    Dex: 10    Spells: 2/9 levels left

rFire   x . .      SeeInvis .      - Unarmed
rCold   + + +      Faith    .    (shield currently unavailable)
rNeg    . . .      Spirit   .    (body armour currently unavailable)
rPois   +          Reflect  .    (helmet currently unavailable)
rElec   .          Harm     .    (cloak currently unavailable)
rCorr   .          Rampage  .    (gloves unavailable)
Will    .....                    (boots unavailable)
Stlth   +.........               (no amulet)
HPRegen 1.03/turn                k - +4 ring of slaying
MPRegen 0.11/turn                (no ring)

@: ice-form, wreathed by umbra
A: freezing attack, amphibious, boosted hp, large, unfitting armour, (claws 3),
regeneration 1, (shaggy fur 1), (tough skin 1)
a: End Transformation, Renounce Religion, Shadow Step


You were on level 6 of the Dungeon.
You worshipped Dithmenos.
Dithmenos was most pleased with you.
You were a creature of crystalline ice.
You visited 1 branch of the dungeon, and saw 6 of its levels.

You collected 296 gold pieces.

Inventory:

Missiles
 d - 46 stones
 w - 5 curare-tipped darts
 z - 2 boomerangs
Armour
 a - a +0 robe (melded)
Jewellery
 k - a +4 ring of slaying (left front paw)
 m - a ring of willpower
Wands
 p - a wand of light (7)
 y - a wand of digging (2)
Scrolls
 c - 4 scrolls of identify {unknown}
 e - a scroll of acquirement {unknown}
 h - a scroll of vulnerability {unknown}
 i - 3 scrolls of teleportation {unknown}
 l - 4 scrolls of poison {unknown}
 o - a scroll of immolation {unknown}
 t - a scroll of enchant weapon {unknown}
 u - a scroll of butterflies {unknown}
Potions
 b - a potion of lignification
 f - a potion of mutation {unknown}
 g - 2 potions of flight {unknown}
 j - a potion of magic {unknown}
 n - 7 potions of curing {unknown}
 q - a potion of cancellation {unknown}
 r - a potion of attraction {unknown}
 s - 3 potions of brilliance {unknown}
 v - 2 potions of might {unknown}
 x - a potion of heal wounds {unknown}
 A - a potion of invisibility {unknown}


   Skills:
 - Level 0.7 Fighting
 - Level 1.5 Dodging
 - Level 3.0 Unarmed Combat
 - Level 1.2 Spellcasting
 + Level 5.7 Transmutations
 + Level 5.4 Ice Magic


You had 2 spell levels left.
You knew the following spells:

 Your Spells              Type           Power      Damage    Failure   Level
a - Beastly Appendage     Tmut           26%        N/A       3%          1
b - Wereblood             Tmut           13%        N/A       4%          2
c - Ice Form              Ice/Tmut       12%        N/A       32%         4

Your spell library contained the following spells:

 Spells                   Type           Power      Damage    Failure   Level
 Slow                     Hex            0%         N/A       32%         1
 Cigotuvi's Dreadful Rot  Necr/Pois/Air  0%         N/A       43%         2
 Poisonous Vapours        Pois/Air       0%         N/A       43%         2
 Spider Form              Tmut/Pois      6%         N/A       30%         3
 Confusing Touch          Hex            0%         N/A       67%         3
 Vampiric Draining        Necr           0%         2d6       67%         3
 Passage of Golubria      Tloc           0%         N/A       97%         4
 Silence                  Hex/Air        0%         N/A       100%        5
 Lehudib's Crystal Spear  Conj/Erth      0%         10d2      100%        8


Dungeon Overview and Level Annotations

Branches:
Dungeon (6/15)
 Temple: D:4-7

Altars:
Cheibriados
Dithmenos
Trog

Shops:
D:5 =


Innate Abilities, Weirdness & Mutations

You are a creature of crystalline ice.
You have a powerful freezing melee attack.
You are amphibious.
Your maximum health is increased.
Your armour is entirely melded.
You are incapable of wielding weapons or throwing items.
You are too large for most types of armour.
((You have claws for hands.))
Your natural rate of healing is unusually fast.
((You are covered in fur. (AC +1)))
((You have tough skin. (AC +1)))


Message History

There is a stone staircase leading down here.
You start resting.
Magic restored.
You start resting.
You warm up again.
Your +0 robe unmelds from your body.
You start resting.
HP restored.
Casting: Ice Form (quite dangerous; 32% risk of failure)
Confirm with . or Enter, or press ? or * to list all spells.
You turn into a creature of crystalline ice.
Your +0 robe melds into your body.
You climb downwards.
There is a stone staircase leading up here.
The steam dragon breathes steam at you. The ball of steam hits you!!
The steam scalds you terribly!
Things that are here:
a +0 shortbow; a +0 giant spiked club; a centaur corpse You are engulfed in a cloud of scalding steam.
The steam dragon completely misses you. The steam dragon claws you.
You hit the steam dragon. You freeze the steam dragon.
The steam dragon is lightly wounded.
The steam dragon bites you.
The steam dragon claws you but does no damage.
You punch the steam dragon! You freeze the steam dragon.
The steam dragon is heavily wounded.
The steam dragon breathes steam at you. The ball of steam hits you!!
The steam scalds you terribly!
* * * LOW HITPOINT WARNING * * *
You barely miss the steam dragon.
The steam dragon is heavily wounded.
You are engulfed in a cloud of scalding steam.
* * * LOW HITPOINT WARNING * * *
The steam dragon breathes steam at you. The ball of steam hits you!
The steam scalds you terribly!
* * * LOW HITPOINT WARNING * * *
You barely miss the steam dragon.
The steam dragon is heavily wounded.
You are engulfed in a cloud of scalding steam.
You die...

#....# #....#
######....#
..........#
..........# #
..........# # #..
..........#.#....
.........D#......
........#Y...)..#
#######.#§#.###.#
#.#§#... #.#§#
#... #.### .#.#
#.. # # ##


You could see a steam dragon (catching breath).

Vanquished Creatures
  Edmund (D:4)
  2 ice beasts
  3 ogres
  A centaur (D:6)
  3 necrophages
  3 scorpions
  A hound (D:6)
  3 orc priests
  2 iguanas
  5 gnolls
  5 adders
  2 ufetubi
  A worm (D:4)
  3 dart slugs
  10 orcs
  7 bats
  8 endoplasms
  3 giant cockroaches
  3 goblins
  6 hobgoblins
  7 jackals
  4 quokkas
  8 ball pythons
  2 frilled lizards
  6 kobolds
  2 rats (D:3)
101 creatures vanquished.

Notes
Turn   | Place    | Note
-------+----------+-------------------------------------------
     0 | D:1      | night the Troll Transmuter began the quest for the Orb.
     0 | D:1      | Reached XP level 1. HP: 18/18 MP: 1/1
   122 | D:1      | Found a faded altar of an unknown god.
   136 | D:1      | Prayed at the altar of an unknown god.
   136 | D:1      | Became a worshipper of Dithmenos the Shadowed
   136 | D:1      | Reached * piety under Dithmenos
   201 | D:1      | Reached skill level 1 in Ice Magic
   201 | D:1      | Reached XP level 2. HP: 19/26 MP: 2/2
   301 | D:1      | Reached skill level 2 in Transmutations
   588 | D:1      | Reached XP level 3. HP: 32/32 MP: 3/3
   591 | D:1      | Learned a level 2 spell: Wereblood
  1388 | D:2      | Found a snail-covered altar of Cheibriados.
  1755 | D:3      | Reached ** piety under Dithmenos
  1756 | D:3      | Reached skill level 2 in Ice Magic
  1756 | D:3      | Reached XP level 4. HP: 37/40 MP: 4/4
  2158 | D:4      | Noticed a scorpion
  2162 | D:4      | Killed a scorpion
  2163 | D:4      | Reached XP level 5. HP: 46/46 MP: 5/5
  2512 | D:4      | Reached XP level 6. HP: 33/54 MP: 6/6
  2568 | D:4      | Noticed Edmund
  2579 | D:4      | HP: 5/54 [Edmund/+0 dire flail of protection (13)]
  2580 | D:4      | Killed Edmund
  2903 | D:5      | Entered Level 5 of the Dungeon
  2934 | D:5      | Found Syoc's Jewellery Emporium.
  3016 | D:5      | Reached XP level 7. HP: 58/61 MP: 7/7
  3084 | D:5      | Found a bloodstained altar of Trog.
  3166 | D:5      | Reached *** piety under Dithmenos
  3507 | D:5      | Reached skill level 5 in Transmutations
  3549 | D:5      | Learned a level 4 spell: Ice Form
  3607 | D:5      | Reached XP level 8. HP: 68/68 MP: 8/8
  3702 | D:6      | Reached skill level 5 in Ice Magic
  3784 | D:6      | HP: 1/81 [steam dragon/ball of steam (13)]
  3785 | D:6      | Engulfed by a steam dragon's steam

Illustrated notes

Levels and vault maps discovered:
D:1:      co_arrival_random_square_maze, layout_loops_corners,
          shapermc_ecumenical_altar_pompeii
D:2:      layout_basic, basic_altar, minmay_misc_feat_alley,
          minmay_misc_feat_doors
D:3:      layout_rooms
D:4:      layout_loops_ring, dk_vineyard_1, uniq_edmund
D:5:      layout_cave_pods, marbit_many_paths, serial_shops, nicolae_shop_trees
D:6:      layout_basic, gammafunk_ghost_nasty_kobolds,
          minmay_misc_feat_more_columns, uniq_sigmund

Skill      XL: |  1  2  3  4  5  6  7  8 |
---------------+-------------------------+-----
Ice Magic      | 1 2 3 4 5 |  5.4
Transmutations | 2 3 4 5 |  5.7
Fighting       | |  0.7
Dodging        | |  1.5
Unarmed Combat | |  3.0
Spellcasting   | |  1.2

Action                   |  1- 3 |  4- 6 |  7- 9 || total
-------------------------+-------+-------+-------++-------
Melee: Unarmed           |    85 |   122 |    71 ||   278
       Punch             |     4 |     1 |     1 ||     6
 Cast: Ice Form          |       |       |     2 ||     2
Evoke: Wand              |       |     1 |     1 ||     2
 Stab: Sleeping          |     1 |     1 |       ||     2
       Invisible         |       |       |     1 ||     1
Armor: Robe              |    29 |    39 |    12 ||    80
       Skin              |       |       |    11 ||    11
Dodge: Dodged            |    47 |    65 |    43 ||   155

Table legend: (Time is in decaauts)
 A = Elapsed time spent in this place.
 B = Non-inter-level travel time spent in this place.
 C = Inter-level travel time spent in this place.
 D = Time resting spent in this place.
 E = Time spent auto-exploring this place.
 F = Levels seen in this place.
 G = Mean time per level.
                   A        B        C        D        E       F      G
               +--------+--------+--------+--------+--------+-----+--------+
         Total |   3771 |   3650 |    121 |     83 |   2925 |   6 |  628.5 |
       Dungeon |   3771 |   3650 |    121 |     83 |   2925 |   6 |  628.5 |
               +--------+--------+--------+--------+--------+-----+--------+

Top non-repeatable levels by time:
     D:1: 942 daAuts
     D:5: 829 daAuts
     D:4: 761 daAuts
     D:2: 749 daAuts
     D:3: 438 daAuts
     D:6: 49 daAuts
